 Dungeon Crawl Stone Soup version 0.30-a0-149-g7f746667c4 (webtiles) character file.

Game seed: 17698956622154448481

15278 ragingrage the Martial Artist (level 11, -8/94 HPs)
             Began as a Pale Draconian Transmuter on Sept 26, 2022.
             Was a Follower of Ru.
             Mangled by a very large slime creature (39 damage)
             ... on level 12 of the Dungeon.
             The game lasted 00:19:42 (14428 turns).

ragingrage the Martial Artist (DrTm)               Turns: 14428, Time: 00:19:42

Health: -8/94      AC: 11    Str: 18    XL:     11   Next: 99%
Magic:  9/14       EV: 12    Int: 18    God:    Ru [*.....]
Gold:   1563       SH:  0    Dex: 12    Spells: 3/14 levels left

rFire   . . .      SeeInvis .      - Unarmed
rCold   . . .      Faith    .    (shield currently unavailable)
rNeg    . . .      Spirit   .    (body armour unavailable)
rPois   .          Reflect  .    (helmet restricted)
rElec   .          Harm     .    O - +0 cloak {Stlth+}
rCorr   .          Rampage  .    (gloves currently unavailable)
Will    .....                    I - +2 pair of boots
Stlth   ++........               (no amulet)
HPRegen 0.25/turn                q - +6 ring of strength
MPRegen 0.14/turn                (no ring)

@: short of breath, blade hands (expiring), wereblooded
A: breathe steam, AC +7, unfitting armour, cold-blooded, cowardly, steam
resistance
a: Breathe Steam, End Transformation, Renounce Religion


You were on level 12 of the Dungeon.
You worshipped Ru.
Ru was aware of your devotion.
You had blades for hands.
You visited 2 branches of the dungeon, and saw 13 of its levels.
You also visited: Bailey.

You collected 1743 gold pieces.
You spent 180 gold pieces at shops.

Inventory:

Hand Weapons
 M - the +8 falchion of the Hall of Blades {flame, Str+4}
   (You found it on level 9 of the Dungeon)

   It burns those it strikes, dealing additional fire damage.
   Big, fiery blades are also staple armaments of hydra-hunters.
   Str:       It affects your strength (+4).
Missiles
 c - 10 poisoned darts
 H - a curare-tipped dart
 J - 13 boomerangs
Armour
 h - a +2 pair of gloves (melded)
 I - a +2 pair of boots (worn)
 L - a +0 pair of gloves of strength
 N - a +2 buckler of poison resistance
 O - a +0 cloak of stealth (worn)
Jewellery
 q - a +6 ring of strength (left blade hand)
Wands
 C - a wand of flame (20)
 E - a wand of iceblast (15)
 G - a wand of mindburst (16)
Scrolls
 d - 4 scrolls of fog
 e - 2 scrolls of brand weapon
 i - 6 scrolls of teleportation
 j - 2 scrolls of vulnerability
 k - 3 scrolls of blinking
 s - 3 scrolls of enchant armour
 u - 2 scrolls of poison
 v - 2 scrolls of magic mapping
 w - 2 scrolls of torment
 B - 2 scrolls of fear
 D - 2 scrolls of enchant weapon
Potions
 a - 4 potions of lignification
 f - 4 potions of brilliance
 m - 2 potions of heal wounds
 n - 6 potions of flight
 o - 2 potions of mutation
 p - a potion of cancellation
 t - 3 potions of attraction
 x - 2 potions of resistance
 z - a potion of magic {unknown}
 A - 3 potions of might
 F - a potion of ambrosia {unknown}
Miscellaneous
 K - a lightning rod (4/4)


   Skills:
 + Level 8.1 Fighting
 - Level 1.7 Dodging
 + Level 14.6 Unarmed Combat
 - Level 2.0 Spellcasting
 - Level 9.0 Transmutations
 + Level 7.6 Evocations


You had 3 spell levels left.
You knew the following spells:

 Your Spells              Type           Power      Damage    Failure   Level
a - Blade Hands           Tmut           17%        N/A       50%         5
b - Wereblood             Tmut           34%        N/A       13%         2
c - Spider Form           Tmut/Pois      18%        N/A       43%         3
d - Beastly Appendage     Tmut           68%        N/A       11%         1

Your spell library contained the following spells:

 Spells                   Type           Power      Damage    Failure   Level
 Sting                    Tmut/Pois      72%        1d6       24%         1
 Apportation              Tloc           2%         N/A       61%         1
 Freeze                   Ice            4%         1d3       61%         1
 Necrotise                Necr           4%         1d4       61%         1
 Slow                     Hex            4%         N/A       61%         1
 Summon Small Mammal      Summ           4%         N/A       61%         1
 Poisonous Vapours        Pois/Air       2%         N/A       69%         2
 Confusing Touch          Hex            1%         N/A       86%         3
 Frozen Ramparts          Ice            2%         1d1       86%         3
 Ozocubu's Armour         Ice            1%         N/A       86%         3
 Portal Projectile        Hex/Tloc       2%         N/A       86%         3
 Tukima's Dance           Hex            1%         N/A       86%         3
 Vampiric Draining        Necr           1%         2d6       86%         3
 Ice Form                 Ice/Tmut       18%        N/A       71%         4
 Hailstorm                Conj/Ice       1%         3d3       99%         4
 Olgreb's Toxic Radiance  Pois           1%         N/A       99%         4
 Metabolic Englaciation   Hex/Ice        0%         N/A       100%        5
 Summon Forest            Summ/Tloc      0%         N/A       100%        5
 Summon Mana Viper        Hex/Summ       1%         N/A       100%        5
 Simulacrum               Ice/Necr       0%         N/A       100%        6
 Summon Cactus Giant      Summ           0%         N/A       100%        6


Dungeon Overview and Level Annotations

Branches:
Dungeon (12/15)            Temple (1/1) D:7            Lair (0/5) D:11
    Orc (0/2) D:11         Bailey (visited)

Altars:
Ashenzari
Cheibriados
Dithmenos
Elyvilon
Fedhas
Gozag
Hepliaklqana
Kikubaaqudgha
Makhleb
Nemelex Xobeh
Okawaru
Qazlal
Ru
Sif Muna
Trog
Uskayaw
Vehumet
Wu Jian
Xom
Yredelemnul
Zin
The Shining One

Shops:
D:10 [   D:12 (

Annotations:
D:10 2 runed translucent doors, Setbun's ghost, journeyman KoEn


Innate Abilities, Weirdness & Mutations

You have blades for hands.
Your spellcasting is less reliable in this form.
You are incapable of wielding weapons or throwing items.
You can breathe blasts of scalding, opaque steam.
Your pale cyan-grey scales are hard. (AC +7)
You cannot fit into any form of body armour.
You are cold-blooded and may be slowed by cold attacks.
Your cowardice makes you less effective in combat with threatening foes.
You are immune to the effects of steam.


Message History

The slime creature hits you but does no damage.
You slash the slime creature! You tail-slap the slime creature.
The slime creature is moderately wounded.
The slime creature hits you!
A slime creature comes into view.
You feel a twist of horror at the sight of this foe.
You hit the slime creature.
The slime creature is moderately wounded.
The slime creature hits you!
Two slime creatures merge to form a large slime creature.
You slash the large slime creature! You tail-slap the large slime creature!
You slash the large slime creature!
The large slime creature is moderately wounded.
You howl as the wereblood boils in your veins!
You are too injured to fight recklessly!
You slice the large slime creature!! You slash the large slime creature!
The large slime creature is severely wounded.
A slime creature comes into view.
You feel a twist of horror at the sight of this foe.
Aiming: Breathe Steam (1% risk of failure)
Press: ? - help, Shift-Dir - straight line, f - slime creature
Aim: a slime creature (94% to hit)
You exhale a blast of scalding steam.
The ball of steam misses the large slime creature.
The ball of steam hits the slime creature!
The slime creature is moderately wounded.
The large slime creature is engulfed in a cloud of scalding steam.
The large slime creature hits you!!
The slime creature is engulfed in a cloud of scalding steam.
Two slime creatures merge to form a very large slime creature.
You slash the very large slime creature!
The very large slime creature is severely wounded.
You howl as the wereblood boils in your veins!
You shred the very large slime creature!!!
The very large slime creature is almost dead.
You howl as the wereblood boils in your veins!
A slime creature comes into view.
The very large slime creature is engulfed in a cloud of scalding steam.
The very large slime creature hits you!!!
You die...

#############
............#
.##########.# .# #.#
.######## #.#
........# #.#
..#####.###.#########
..# #.........@J?.#
..# ....###.######J##
..+ .. .... .. ###
###.# ## ... ..# ...#
. ...


You could see a very large slime creature and a slime creature.

Vanquished Creatures
  Harold (D:10)
  4 two-headed ogres
  A boulder beetle (D:11)
  A tengu warrior (D:11)
  2 slime creatures (D:12)
  A manticore (D:12)
  A cyclops (D:11)
  An unseen horror (D:11)
  4 shadows
  4 wyverns
  21 yaks
  A vampire (D:12)
  A two-headed ogre zombie (D:11)
  5 water moccasins
  A black bear (D:5)
  2 ice beasts
  8 orc warriors
  A centaur (D:11)
  A bullfrog (D:6)
  2 kobold brigands
  3 gnoll sergeants
  A water moccasin zombie (D:5)
  9 wights (D:7)
  4 troll zombies (D:11)
  16 killer bees
  4 howler monkeys (D:9)
  A bullfrog zombie (D:5)
  3 hounds
  2 jellies (D:5)
  10 orc priests
  An iguana (D:7)
  9 orc wizards
  3 ogre zombies (D:11)
  Robin (D:4)
  18 gnolls
  9 adders
  A shadow imp (D:8)
  2 white imps (D:7)
  4 dart slugs (D:2)
  32 orcs
  5 endoplasms
  A giant cockroach (D:4)
  17 goblins
  10 hobgoblins
  4 quokkas
  10 ball pythons
  4 bats
  3 frilled lizards
  2 goblin zombies (D:11)
  2 hobgoblin skeletons (D:11)
  2 hobgoblin zombies (D:11)
  20 kobolds
  5 orc skeletons (D:11)
  14 orc zombies (D:11)
  3 rats
298 creatures vanquished.

Vanquished Creatures (others)
  A komodo dragon (D:11)
  A gnoll sergeant (D:7)
  2 bushes (D:11)
  2 fungi (D:11)
  22 plants (D:11)
28 creatures vanquished.

Grand Total: 326 creatures vanquished

Notes
Turn   | Place    | Note
-------+----------+-------------------------------------------
     0 | D:1      | ragingrage the Draconian Transmuter began the quest for the
                  | Orb.
     0 | D:1      | Reached XP level 1. HP: 16/16 MP: 3/3
   441 | D:1      | Reached XP level 2. HP: 23/23 MP: 5/5
   463 | D:1      | Learned a level 2 spell: Wereblood
  1210 | D:2      | Reached XP level 3. HP: 28/28 MP: 4/6
  1214 | D:2      | Learned a level 3 spell: Spider Form
  1588 | D:2      | Found a faded altar of an unknown god.
  1911 | D:2      | Reached skill level 4 in Unarmed Combat
  2085 | D:2      | Reached XP level 4. HP: 35/35 MP: 4/7
  3459 | D:4      | Reached XP level 5. HP: 40/40 MP: 5/8
  3512 | D:4      | Found a shimmering blue altar of Sif Muna.
  3904 | D:4      | Noticed Robin
  3914 | D:4      | Killed Robin
  4364 | D:5      | Entered Level 5 of the Dungeon
  4414 | D:5      | Reached skill level 5 in Unarmed Combat
  4530 | D:5      | Reached XP level 6. HP: 45/47 MP: 6/9
  4687 | D:5      | Reached skill level 5 in Transmutations
  4807 | D:5      | Found a glowing silver altar of Zin.
  4933 | D:5      | Found a basalt altar of Yredelemnul.
  4960 | D:5      | Found a bloodstained altar of Trog.
  4973 | D:5      | Found a hide-covered altar of Uskayaw.
  5125 | D:5      | Reached skill level 6 in Unarmed Combat
  5126 | D:5      | Your scales start taking on a pale cyan-grey colour.
  5126 | D:5      | Reached XP level 7. HP: 52/52 MP: 6/10
  5126 | D:5      | Gained mutation: You are immune to the effects of steam.
                  | [Pale Draconian growth]
  5919 | D:7      | Reached skill level 7 in Unarmed Combat
  6208 | D:7      | Reached XP level 8. HP: 14/59 MP: 8/11
  6492 | D:7      | Found a staircase to the Ecumenical Temple.
  6645 | D:7      | Reached skill level 8 in Unarmed Combat
  6682 | Temple   | Entered the Ecumenical Temple
  7259 | D:7      | Noticed a two-headed ogre
  7266 | D:7      | Killed a two-headed ogre
  7267 | D:7      | Reached skill level 9 in Unarmed Combat
  7267 | D:7      | Reached XP level 9. HP: 14/64 MP: 10/12
  7651 | D:7      | Noticed a two-headed ogre
  7663 | D:7      | Killed a two-headed ogre
  7664 | D:7      | Reached skill level 10 in Unarmed Combat
  8123 | D:8      | Reached skill level 11 in Unarmed Combat
  8163 | D:8      | Noticed a two-headed ogre
  8195 | D:8      | Killed a two-headed ogre
  8343 | D:8      | Found an ornate altar of the Wu Jian Council.
  8492 | D:8      | Reached XP level 10. HP: 71/71 MP: 13/13
  8529 | D:8      | Reached skill level 12 in Unarmed Combat
  9120 | D:9      | Found a radiant altar of Vehumet.
  9123 | D:9      | Found a burning altar of Makhleb.
  9125 | D:9      | Found a shadowy altar of Dithmenos.
  9126 | D:9      | Found a blossoming altar of Fedhas.
  9165 | D:9      | Found a flagged portal.
  9226 | Bailey   | Entered a bailey
  9524 | Bailey   | Reached skill level 13 in Unarmed Combat
  9524 | Bailey   | Reached skill level 1 in Evocations
  9978 | D:9      | Found a sacrificial altar of Ru.
 10346 | D:9      | Became a worshipper of Ru the Awakened
 10393 | D:9      | Identified the +8 falchion of the Hall of Blades {flame,
                  | Str+4}
 10742 | D:10     | Entered Level 10 of the Dungeon
 10742 | D:10     | Found a runed translucent door.
 10744 | D:10     | Noticed a fire dragon
 10745 | D:10     | Noticed a cyclops
 10745 | D:10     | Noticed a skeletal warrior
 10745 | D:10     | Noticed a lich
 10746 | D:10     | Noticed a harpy
 10748 | D:10     | Noticed a necromancer
 10749 | D:10     | Noticed Setbun's ghost (journeyman KoEn)
 10753 | D:10     | Found a runed translucent door.
 10757 | D:10     | Noticed a two-headed ogre
 10773 | D:10     | Killed a two-headed ogre
 10911 | D:10     | Found Ryxoic's Antique Armour Shop.
 11334 | D:10     | Noticed Harold
 11343 | D:10     | Killed Harold
 11344 | D:10     | Reached skill level 5 in Fighting
 11344 | D:10     | Reached XP level 11. HP: 52/88 MP: 9/14
 11564 | D:10     | Identified the +0 robe of Iqiug {Contam +Inv MP+9 SInv}
 11894 | D:10     | Bought an embroidered cloak for 180 gold pieces
 12055 | D:11     | Learned a level 5 spell: Blade Hands
 12078 | D:11     | Reached skill level 5 in Evocations
 12154 | D:11     | Gained mutation: Your cowardice makes you less effective in
                  | combat with threatening foes. [Ru sacrifice]
 12154 | D:11     | Reached * piety under Ru
 12372 | D:11     | Found a staircase to the Orcish Mines.
 12489 | D:11     | Identified the +6 leather armour of Birdsong {Dex+4}
 12498 | D:11     | Noticed a tengu warrior
 12517 | D:11     | Killed a tengu warrior
 12518 | D:11     | Reached skill level 14 in Unarmed Combat
 13038 | D:11     | Found a staircase to the Lair.
 13065 | D:11     | Found the +4 dagger "Morg" {pain, Will+ Int+5}
 13343 | D:11     | Noticed a boulder beetle
 13368 | D:11     | HP: 4/92 [gnoll sergeant/+0 spear (9)]
 13377 | D:11     | Killed a boulder beetle
 14290 | D:12     | Found Diobunot's Antique Weapon Boutique.
 14428 | D:12     | Mangled by a very large slime creature

Illustrated notes

Levels and vault maps discovered:
D:1:      minmay_arrival_hallway, layout_basic
D:2:      layout_loops_cross, shapermc_ecumenical_altar_notcrosses,
          kennysheep_flooded_box
D:3:      layout_basic, minmay_stone_trees_medium, minmay_misc_feat_square,
          minmay_goblin_outpost
D:4:      layout_loops_corners, mainiacjoe_overflow_six_doors_small,
          wad_floor_pattern_untrapped, uniq_robin
D:5:      layout_cave_pools, general_overflow_altar,
          lemuel_zombie_altar_yredelemnul, mainiacjoe_overflow_catch_the_wave,
          nicolae_elevator_lobby_asterisk
D:6:      layout_cave_pools
D:7:      layout_loops_cross, minmay_temple_entry_tees
D:8:      layout_loops_ring, nzn_wu_jian_contemplation
D:9:      layout_loops_ring, minitemple, nicolae_ru_the_path_less_chosen,
          enter_bailey_6
D:10:     layout_roguey, serial_shops, nicolae_inconvenience_store,
          muffindrake_ghost_dual_entry, minmay_misc_feat_encased, uniq_harold
D:11:     layout_irregular_city, minmay_lair_entry_grove, zombieorc2_lemuel
D:12:     layout_basic, serial_shops, nicolae_shop_hallway_stairs
Temple:   bh_familiar_temple

Skill      XL: |  1  2  3  4  5  6  7  8  9 10 11 |
---------------+----------------------------------+-----
Transmutations | 3 4 5 6 9 |  9.0
Unarmed Combat | 4 5 6 7 9 11 13 14 | 14.6
Fighting       | 5 8 |  8.1
Evocations     | 4 7 |  7.6
Dodging        | |  1.7
Spellcasting   | |  2.0

Action                   |  1- 3 |  4- 6 |  7- 9 | 10-12 || total
-------------------------+-------+-------+-------+-------++-------
Melee: Unarmed           |   114 |   122 |   125 |   262 ||   623
       Headbutt          |    13 |    17 |    15 |    22 ||    67
       Kick              |    13 |    23 |    30 |    42 ||   108
       Tailslap          |     8 |    11 |     6 |    43 ||    68
       Punch             |     3 |     1 |     6 |    29 ||    39
Throw: Dart              |       |       |     9 |     3 ||    12
       Throwing net      |       |       |       |     1 ||     1
 Cast: Beastly Appendage |    21 |    21 |    15 |    21 ||    78
       Wereblood         |    16 |    18 |    15 |    21 ||    70
       Spider Form       |       |       |       |     3 ||     3
       Blade Hands       |       |       |       |     7 ||     7
Invok: Sacrifice Courage |       |       |       |     1 ||     1
 Abil: Breathe Steam     |       |       |    30 |    49 ||    79
Evoke: Wand              |       |       |       |     1 ||     1
  Use: Potion            |       |       |     4 |    11 ||    15
       Scroll            |       |       |       |    17 ||    17
 Stab: Invisible         |       |       |     3 |       ||     3
       Held in net/web   |       |       |       |     1 ||     1
Armor: Skin              |    54 |    52 |    36 |    91 ||   233
Dodge: Dodged            |    74 |    72 |    59 |   141 ||   346

Table legend: (Time is in decaauts)
 A = Elapsed time spent in this place.
 B = Non-inter-level travel time spent in this place.
 C = Inter-level travel time spent in this place.
 D = Time resting spent in this place.
 E = Time spent auto-exploring this place.
 F = Levels seen in this place.
 G = Mean time per level.
                   A        B        C        D        E       F      G
               +--------+--------+--------+--------+--------+-----+--------+
         Total |  14350 |  13901 |    449 |   2943 |   8861 |  14 | 1025.0 |
       Dungeon |  13467 |  13031 |    436 |   2869 |   8307 |  12 | 1122.2 |
        Temple |    175 |    162 |     13 |      0 |    157 |   1 |  175.0 |
        Bailey |    706 |    706 |      0 |     74 |    397 |   1 |  706.0 |
               +--------+--------+--------+--------+--------+-----+--------+

Top non-repeatable levels by time:
    D:11: 2122 daAuts
     D:7: 1700 daAuts
     D:2: 1458 daAuts
    D:10: 1231 daAuts
     D:8: 1144 daAuts
     D:4: 1107 daAuts
     D:1: 1061 daAuts
     D:9: 887 daAuts
     D:5: 850 daAuts
     D:3: 818 daAuts
     D:6: 787 daAuts
  Bailey: 706 daAuts
    D:12: 298 daAuts
  Temple: 175 daAuts
